 Dungeon Crawl Stone Soup version 0.31-a0-187-gba352fbbf7 (webtiles) character file.

Game seed: 16401641246038520774

75 qw the Shooter (level 4, 0/25 HPs)
             Began as a Deep Elf Hunter on June 22, 2023.
             Killed from afar by an orc wizard (10 damage)
             ... with a magic dart
             ... on level 3 of the Dungeon.
             The game lasted 00:00:33 (1505 turns).

qw the Shooter (Deep Elf Hunter)                    Turns: 1505, Time: 00:00:34

Health: 0/25       AC:  7    Str:  9    XL:     4   Next: 11%
Magic:  6/6        EV: 11    Int: 13    God:
Gold:   51         SH:  0    Dex: 22    Spells: 3/3 levels left

rFire   . . .        Y - +0 shortbow
rCold   + . .        (shield currently unavailable)
rNeg    . . .        a - +0 ring mail
rPois   .            (no helmet)
rElec   .            k - +0 cloak
rCorr   .            g - +0 pair of gloves
SInv    .            (no boots)
Will    .....        (no amulet) Stlth
                     (no ring)
HPRegen 0.24/turn    (no ring)
MPRegen 0.10/turn

%: no passive effects
@: confused
A: agile 1, cold resistance 1
a: no special abilities


You were on level 3 of the Dungeon.
You visited 1 branch of the dungeon, and saw 3 of its levels.

You collected 51 gold pieces.


Innate Abilities, Weirdness & Mutations

You are agile. (Dex +4, Str/Int -1)
Your flesh is cold resistant. (rC+)


   Skills:
 - Level 1.5 Fighting
 + Level 7.4 Ranged Weapons
 - Level 2.7 Dodging
 - Level 1.2 Stealth


You had 3 spell levels left.
You didn't know any spells.
Your spell library was empty.

Inventory:

Hand Weapons
 Y - a +0 shortbow (weapon)
Armour
 a - a +0 ring mail (worn)
 g - a +0 pair of gloves (worn)
 k - a +0 cloak (worn)
Jewellery
 h - a ring of fire
Scrolls
 c - a scroll of identify
 d - a scroll of teleportation
 i - a scroll of brand weapon {unknown}
Potions
 b - a potion of enlightenment {unknown}
 e - a potion of curing {unknown}
 f - a potion of mutation

Dungeon Overview and Level Annotations

Branches:
Dungeon (3/15)

Altars:
Ashenzari


Message History

You shoot an arrow.
The arrow hits the orc wizard but does no damage.
The orc wizard is lightly wounded.
The orc wizard gestures wildly while chanting.
The orc wizard flickers and vanishes!
You shoot an arrow. Something hits you.
You hear some strange, mumbled words.
A puff of flame appears from out of thin air!
The puff of flame hits something!
You shoot an arrow. The arrow hits the orc.
The orc is heavily wounded.
Something hits you.
You shoot an arrow. The arrow barely misses the orc.
Something hits you but does no damage.
You shoot an arrow. The arrow barely misses the orc.
An orc comes into view. It is wielding a +0 flail.
Something hits you. The orc misses you.
You hear some strange, mumbled words.
A magic dart appears from out of thin air!
The magic dart hits you but does no damage.
You shoot an arrow. The arrow completely misses the orc.
Something hits you. Something hits you but does no damage. The orc misses you.
The orc hits you with a +0 dagger. Something hits you but does no damage.
You hear some strange, mumbled words.
You are confused.
An orc comes into view. It is wielding a +0 falchion.
Something hits you but does no damage. The orc barely misses you.
Something hits you.
You hear some strange, mumbled words.
A puff of flame appears from out of thin air!
The puff of flame misses you. Something hits you but does no damage.
You hear some strange, mumbled words.
A puff of flame appears from out of thin air!
The puff of flame hits you! Something hits you but does no damage.
The orc barely misses you.
You hear some strange, mumbled words.
A magic dart appears from out of thin air!
The magic dart hits you!
You die...

####.### #.# #.# ## #.#
.##### #.# ### ....#
#.# ##.## oo.#
##.####...##
#o{###...#......##
#@{##............%
#..###...#.....>## #.#
#..####.##.#...## .#
#.# #.........)....#
.####
#.######.#####.##.###.#
>...# #........#
##'##.# #.# .##.#
#.########
##...#.###.### .##.#
#.#### ##..........#..
.##.# #.##.##
##.......#####..


You could see 3 orcs.

Vanquished Creatures
  3 adders
  An adder skeleton (D:2)
  A worm (D:2)
  2 bat skeletons (D:2)
  7 endoplasms
  3 giant cockroaches
  4 goblins
  3 hobgoblins
  A quokka (D:3)
  3 ball pythons (D:2)
  A ball python skeleton (D:2)
  3 bats
  A frilled lizard (D:1)
  A giant cockroach zombie (D:2)
  A quokka zombie (D:2)
  7 rats
42 creatures vanquished.

Notes
Turn   | Place    | Note
-------+----------+-------------------------------------------
     0 | D:1      | qw the Deep Elf Hunter began the quest for the Orb.
     0 | D:1      | Reached XP level 1. HP: 12/12 MP: 3/3
     0 | D:1      | 0 ||| qw: Version: 0.3-a-9-g12657ce
     0 | D:1      | 0 ||| qw: Game counter: 2149
     0 | D:1      | 0 ||| qw: Always use a shield: true
     0 | D:1      | 0 ||| qw: God list: Okawaru
     0 | D:1      | 0 ||| qw: Allow faded altars: false
     0 | D:1      | 0 ||| qw: Do Orc after D:15 true
     0 | D:1      | 0 ||| qw: Do second Lair branch before Depths: true
     0 | D:1      | 0 ||| qw: Lair rune preference: random
     0 | D:1      | 0 ||| qw: Plans: Normal
     0 | D:1      | 0 ||| PLANNING D:1-11
   347 | D:1      | Reached XP level 2. HP: 16/16 MP: 4/4
   373 | D:1      | Reached skill level 6 in Ranged Weapons
   560 | D:1      | 560 ||| UPGRADING to +0 pair of gloves.
   565 | D:1      | 565 ||| READING scroll labelled PIAMEU KYASHE.
   566 | D:1      | 566 ||| DRINKING 2 blue potions.
   566 | D:1      | Gained mutation: You are agile. (Dex +4, Str/Int -1)
                  | [potion of mutation]
   566 | D:1      | Gained mutation: Your flesh is cold resistant. (rC+)
                  | [potion of mutation]
   567 | D:1      | 567 ||| DROPPING scroll of butterflies.
   600 | D:2      | Found a broken altar of Ashenzari.
   713 | D:2      | Reached XP level 3. HP: 20/20 MP: 5/5
   736 | D:2      | Reached skill level 7 in Ranged Weapons
   853 | D:2      | You fall into a shaft and drop 1 floor!
  1003 | D:3      | 1003 ||| UPGRADING to +0 ring mail.
  1013 | D:3      | 1013 ||| DROPPING +0 leather armour.
  1014 | D:3      | 1014 ||| UPGRADING to +0 cloak.
  1019 | D:3      | 1019 ||| READING scroll labelled ZETIUK OMAZO.
  1024 | D:3      | 1024 ||| READING scroll labelled NADOUT DIMUCAO.
  1125 | D:3      | 1125 ||| READING scroll labelled CUATIA OLORPH.
  1289 | D:3      | Reached XP level 4. HP: 16/25 MP: 6/6
  1505 | D:3      | Killed from afar by an orc wizard

Levels and vault maps discovered:
D:1:      tarquinn_simple_flora_water_a, layout_basic
D:2:      layout_rooms, basic_altar, serial_undead, serial_undead_c,
          serial_undead_c, serial_undead_c, serial_undead_d, serial_undead_a,
          serial_undead_b, serial_undead_b
D:3:      layout_loops_corners, minmay_cupped, uniq_ijyb, uniq_sigmund

Skill      XL: |  1  2  3 |
---------------+----------+-----
Ranged Weapons | 6 7 |  7.4
Fighting       | |  1.5
Dodging        | |  2.7
Stealth        | |  1.2

Action                     |  1- 3 |  4- 6 || total
---------------------------+-------+-------++-------
   Fire: Shortbow          |    89 |    22 ||   111
    Use: Scroll            |     4 |       ||     4
         Potion            |     1 |       ||     1
 Armour: Leather armour    |     4 |       ||     4
         Ring mail         |     6 |     9 ||    15
  Dodge: Dodged            |     9 |     8 ||    17

Table legend:
 A = Non-vault XP
 B = Vault XP
 C = Vault XP percentage of total XP
 D = Non-vault monster count
 E = Vault monster count
 F = Vault count percentage of total count
                 A         B        C        D         E       F
            +---------+---------+-------+---------+---------+-------
      Total |      96 |      12 |  11.1 |      36 |       6 |  14.3
            +---------+---------+-------+---------+---------+-------
        D:1 |      21 |       0 |   0.0 |      14 |       0 |   0.0
        D:2 |      51 |      12 |  19.0 |      15 |       6 |  28.6
        D:3 |      24 |       0 |   0.0 |       7 |       0 |   0.0
            +---------+---------+-------+---------+---------+-------
